 Dungeon Crawl Stone Soup version 0.31-a0-875-g02e7d12df6 (webtiles) character file.

Game seed: 8549580306468671117

14 Azuregosa the Sneak (level 2, 0/21 HPs)
             Began as an Octopode Delver on Oct 12, 2023.
             Succumbed to an adder's poison
             ... on level 3 of the Dungeon.
             The game lasted 00:05:01 (470 turns).

Azuregosa the Sneak (Octopode Delver)                Turns: 470, Time: 00:05:02

Health: 0/21       AC:  1    Str: 11    XL:     2   Next: 45%
Magic:  2/2        EV: 13    Int: 12    God:
Gold:   42         SH:  0    Dex: 13    Spells: 1/1 levels left

rFire   . . .        a - +0 spear
rCold   . . .        (no shield)
rNeg    . . .        (helmet restricted)
rPois   .            (no amulet)
rElec   .            (no ring)
rCorr   .            (no ring)
SInv    .            (no ring)
Will    .....        (no ring)
Stlth   +++++        (no ring)
HPRegen 0.23/turn    (no ring)
MPRegen 0.08/turn    (no ring)
                     (no ring)

%: no passive effects
@: lethally poisoned (0 -> -3)
A: almost no armour, amphibious, 8 rings, camouflage 1, gelatinous body 1,
(nimble swimmer 1), tentacles
a: no special abilities


You were on level 3 of the Dungeon.
You visited 2 branches of the dungeon, and saw 5 of its levels.

You collected 42 gold pieces.

Inventory:

Hand Weapons
 a - a +0 spear (weapon)
Missiles
 h - 6 stones
Wands
 f - a wand of digging (11)
Scrolls
 b - a scroll of fog
 c - a scroll of revelation
 i - 4 scrolls of identify {unknown}
Potions
 e - a potion of haste
 g - 2 potions of attraction {unknown}


   Skills:
 - Level 3.0 Fighting
 - Level 2.0 Polearms
 - Level 2.0 Dodging
 + Level 7.4 Stealth


You had one spell level left.
You didn't know any spells.
Your spell library was empty.

Dungeon Overview and Level Annotations

Branches:
Dungeon (5/15)             Temple (1/1) D:4

Altars:
Ashenzari
Cheibriados
Dithmenos
Elyvilon
Fedhas
Hepliaklqana
Kikubaaqudgha
Makhleb
Qazlal
Ru
Sif Muna
Trog
Uskayaw
Vehumet
Wu Jian
Xom
Yredelemnul
Zin
The Shining One

Shops:
D:4 (

Annotations:
D:2 Robin
D:5 2 transporters


Innate Abilities, Weirdness & Mutations

You cannot wear most types of armour.
You are amphibious.
You can wear up to eight rings at the same time.
Your skin changes colour to match your surroundings (Stealth+).
Your rubbery body absorbs attacks. (AC +1, EV +1)
((You are camouflaged when in or above water. (Stealth+)))
You have tentacles for arms and can constrict up to eight enemies at once.


Message History

Found a viscous silvery potion.
As you read the scroll of fear, it crumbles to dust.
You assume a fearsome visage.
The goblin looks frightened! x2
A rat comes into view.
Found a stone staircase leading down.
There is a stone staircase leading down here.
The rat completely misses you.
You climb downwards.
Found a sling.
There is a stone staircase leading up here.
You hit the rat. Your grab misses the rat.
The rat is moderately wounded.
The rat bites you.
You hit the rat. Your grab misses the rat.
The rat is severely wounded.
The rat bites you.
You barely miss the rat. Your grab misses the rat.
You squeeze the rat, but do no damage.
The rat is severely wounded.
The rat bites you but does no damage.
You hit the rat.
You kill the rat!
The adder hisses angrily.
You see here a rat corpse.
You barely miss the adder. Your grab misses the adder. The adder misses you.
The adder bites you.
You are poisoned.
The adder poisons you!
You feel sick. The adder attacks as it pursues you! The adder bites you.
* * * LOW HITPOINT WARNING * * *
There is a stone staircase leading up here.
You hit the adder. You grab the adder.
The adder is heavily wounded.
You constrict the adder, but do no damage.
You feel sick. The adder bites you.
* * * LOW HITPOINT WARNING * * *
You hit the adder. Your squeeze misses the adder.
The adder is severely wounded.
You constrict the adder.
You die...

#### ...# ##
### ..# #.
.. # #. ..
.# . #.
.##.#
..####.#.#..
..........#
.......r.#
.......S##
..######@#
##.# #)# ##


You could see an adder and a rat.

Vanquished Creatures
  An adder (D:5)
  An orc (D:3)
  2 endoplasms
  A rat (D:3)
5 creatures vanquished.

Notes
Turn   | Place    | Note
-------+----------+-------------------------------------------
     0 | D:5      | Azuregosa the Octopode Delver began the quest for the Orb.
     0 | D:5      | Reached XP level 1. HP: 16/16 MP: 1/1
     2 | D:5      | Noticed a scorpion
     5 | D:5      | Identified the +0 scale mail of Henotheism {Will+}
     5 | D:5      | Noticed a gnoll sergeant
    60 | D:5      | Noticed a gnoll bouda
    74 | D:5      | Noticed a jelly
    76 | D:5      | Noticed a centaur
    77 | D:5      | Noticed an ice beast
    87 | D:5      | Found a transporter.
    87 | D:5      | Noticed a gnoll sergeant
    92 | D:5      | Found a transporter.
   113 | D:5      | Reached skill level 7 in Stealth
   113 | D:5      | Reached XP level 2. HP: 21/21 MP: 2/2
   164 | D:4      | Found Zara's Weapon Boutique.
   173 | D:4      | Found a bloodstained altar of Trog.
   233 | D:4      | Noticed a howler monkey
   319 | D:4      | Found a staircase to the Ecumenical Temple.
   329 | Temple   | Entered the Ecumenical Temple
   438 | D:2      | Noticed Robin
   438 | D:2      | Found a stormy altar of Qazlal.
   469 | D:3      | HP: 1/21 [adder (4)]
   470 | D:3      | Succumbed to an adder's poison

Illustrated notes

Levels and vault maps discovered:
D:2:      layout_loops_ring, hellmonk_ecumenical_altar_watching_god,
          basic_altar, uniq_jessica, uniq_robin
D:3:      layout_loops_cross, nicolae_qazlal_general_emergency,
          corexii_item_surrounded_by_moat, cheibrodos_gnoll_hut, uniq_ijyb
D:4:      layout_loops_ring, kennysheep_little_box, temple_fountains,
          serial_shops, nicolae_shop_bloodbath_and_beyond,
          hangedman_decor_riveting
D:5:      layout_rooms, okawaru_metal_pillars_1_2,
          grunt_temple_overflow_opulence, gammafunk_ghost_gnarly_gnolls
Temple:   bh_familiar_temple

Skill      XL: |  1 |
---------------+----+-----
Stealth        | 7 |  7.4
Fighting       | |  3.0
Polearms       | |  2.0
Dodging        | |  2.0

Action                     || total
---------------------------++-------
  Melee: Spear             ||    17
         Tentacles         ||     4
         Constrict         ||     2
  Throw: Stone             ||     1
    Use: Scroll            ||     1
   Stab: Sleeping          ||     2
 Armour: Skin              ||    17
  Dodge: Dodged            ||     9

Table legend: (Time is in decaauts)
 A = Elapsed time spent in this place.
 B = Non-inter-level travel time spent in this place.
 C = Inter-level travel time spent in this place.
 D = Time resting spent in this place.
 E = Time spent auto-exploring this place.
 F = Levels seen in this place.
 G = Mean time per level.
                   A        B        C        D        E       F      G
               +--------+--------+--------+--------+--------+-----+--------+
         Total |    469 |    469 |      0 |      8 |     16 |   5 |   93.8 |
       Dungeon |    423 |    423 |      0 |      8 |     16 |   4 |  105.8 |
        Temple |     45 |     45 |      0 |      0 |      0 |   1 |   45.0 |
               +--------+--------+--------+--------+--------+-----+--------+

Top non-repeatable levels by time:
     D:4: 194 daAuts
     D:5: 145 daAuts
     D:3: 61 daAuts
  Temple: 45 daAuts
     D:2: 22 daAuts
